 Dungeon Crawl Stone Soup version 0.28.0-43-g3370ac3207 (webtiles) character file.

Game seed: 7164493241194596180

3268 theElss the Skirmisher (level 10, -1/96 HPs)
             Began as a Gargoyle Berserker on Mar 2, 2022.
             Was a Priest of Trog.
             Slain by a slime creature (15 damage)
             ... on level 7 of the Dungeon.
             The game lasted 00:14:39 (8150 turns).

theElss the Skirmisher (Gargoyle Berserker)         Turns: 8150, Time: 00:14:39

Health: -1/96      AC: 19    Str: 23    XL:     10   Next: 0%
Magic:  10/10      EV:  9    Int:  8    God:    Trog [***...]
Gold:   381        SH:  5    Dex: 11    Spells: 9/9 levels left

rFire   . . .      SeeInvis .   q - +1 flail (holy)
rCold   . . .      Faith    +   m - +0 buckler
rNeg    + . .      Spirit   .   p - +0 chain mail
rPois   ∞          Reflect  .   (no helmet)
rElec   +          Harm     .   (no cloak)
rCorr   .          Rampage  .   l - +0 pair of gloves
Will    .....                   (no boots)
Stlth   ..........              n - amulet of faith
HPRegen 0.26/turn               (no ring)
MPRegen 0.12/turn               (no ring)

@: berserking (expiring), studying Axes, very quick
A: sickness immunity, AC +7, negative energy resistance 1, electricity
resistance, torment resistance 1, petrification resistance
a: Renounce Religion, Berserk, Trog's Hand


You were on level 7 of the Dungeon.
You worshipped Trog.
Trog was most pleased with you.
You visited 1 branch of the dungeon, and saw 7 of its levels.

You collected 381 gold pieces.

Inventory:

Hand Weapons
 a - a +0 mace
 q - a +1 flail of holy wrath (weapon)
Armour
 l - a +0 pair of gloves (worn)
 m - a +0 buckler (worn)
 p - a +0 chain mail (worn)
Jewellery
 f - an amulet of guardian spirit
 n - an amulet of faith (around neck)
Wands
 b - a wand of mindburst (10)
 s - a wand of flame (21)
Scrolls
 c - a scroll of amnesia {unknown}
 g - a scroll of enchant weapon {unknown}
 o - a scroll of enchant armour {unknown}
 r - a scroll of brand weapon {unknown}
 t - 3 scrolls of vulnerability {unknown}
 u - 3 scrolls of teleportation {unknown}
 v - a scroll of acquirement {unknown}
Potions
 d - a potion of magic
 e - 2 potions of invisibility
 h - 2 potions of mutation
 i - a potion of ambrosia {unknown}
 j - 4 potions of haste
 k - 3 potions of lignification
 w - a potion of curing {unknown}


   Skills:
 + Level 7.8 Fighting
 + Level 7.1 Maces & Flails
 + Level 7.4 Armour
 + Level 5.5 Dodging
 - Level 5.0 Shields


You had 9 spell levels left.
You didn't know any spells.
Your spell library was empty.

Dungeon Overview and Level Annotations

Branches:
Dungeon (7/15)
 Temple: D:4-7

Altars:

Shops:
D:4 =


Innate Abilities, Weirdness & Mutations

You are immune to sickness and miasma.
Your stone body is resilient. (AC +7)
You are immune to poison.
You resist negative energy. (rN+)
You are resistant to electric shocks. (rElec)
You are resistant to unholy torment.
You are immune to petrification.


Message History

The large slime creature is heavily wounded.
The large slime creature hits you but does no damage.
The slime creature barely misses you.
You thump the large slime creature!
The large slime creature is severely wounded.
The slime creature barely misses you.
You hit the large slime creature.
The large slime creature is severely wounded.
You block the slime creature's attack.
The large slime creature hits you but does no damage.
The slime creature hits you but does no damage.
You sock the large slime creature!
The large slime creature is severely wounded.
The large slime creature hits you but does no damage.
You block the slime creature's attack.
You thump the large slime creature!
The large slime creature is severely wounded.
The slime creature hits you but does no damage.
You sock the large slime creature!
The large slime creature is almost dead.
You block the large slime creature's attack.
The slime creature hits you but does no damage.
The slime creature barely misses you.
You bludgeon the large slime creature!!
You kill the large slime creature!
Trog accepts your kill. You block the slime creature's attack.
The slime creature hits you!
* * * LOW HITPOINT WARNING * * *
Your Maces & Flails skill increases to level 7!
You have reached level 10!
You completely miss the slime creature. You barely miss the slime creature.
The slime creature hits you!
* * * LOW HITPOINT WARNING * * *
The slime creature hits you but does no damage.
You completely miss the slime creature.
The slime creature hits you but does no damage. x2
You bludgeon the slime creature!!
The slime creature is moderately wounded.
The slime creature hits you!
You die...

...#......#.............
.........##............#
..........#............#
#..##....######.........
#..#...>..### #.........
##..........###.........
....................#
....................
..##...@J...........
..#....J.####.##...
(.....<...# ## ..
."..........# .
..............#
........$.......#
.........!$......
.................
.....$...........


You could see 2 slime creatures.

Vanquished Creatures
  Pikel (D:5)
  A slime creature (D:7)
  3 yaks (D:5)
  A black bear (D:6)
  2 ice beasts
  A necrophage (D:6)
  A sky beast (D:4)
  An orc warrior (D:7)
  3 ogres
  2 kobold brigands
  A bullfrog (D:7)
  2 scorpions
  A water moccasin skeleton (D:4)
  2 howler monkeys
  A vampire bat (D:4)
  A bullfrog zombie (D:5)
  3 hounds
  A gnoll shaman (D:7)
  3 orc priests
  An iguana (D:5)
  4 orc wizards
  A scorpion zombie (D:5)
  A killer bee zombie (D:6)
  A hound zombie (D:5)
  A hound skeleton (D:4)
  8 gnolls
  A howler monkey skeleton (D:6)
  2 adders (D:3)
  2 shadow imps
  2 ufetubi
  An adder skeleton (D:4)
  A worm (D:5)
  4 dart slugs
  3 fire bats (D:4)
  18 orcs
  2 spectral bats (D:4)
  3 ball pythons
  3 bat skeletons (D:4)
  A bat zombie (D:4)
  7 endoplasms
  A giant cockroach (D:1)
  4 goblins
  3 hobgoblins
  7 quokkas
  11 bats
  A bat simulacrum (D:4)
  5 frilled lizards
  12 kobolds
  6 rats
148 creatures vanquished.

Notes
Turn   | Place    | Note
-------+----------+-------------------------------------------
     0 | D:1      | theElss the Gargoyle Berserker began the quest for the Orb.
     0 | D:1      | Reached XP level 1. HP: 14/14 MP: 1/1
   180 | D:1      | Reached XP level 2. HP: 11/19 MP: 2/2
   431 | D:1      | Found a faded altar of an unknown god.
   888 | D:1      | Reached XP level 3. HP: 20/23 MP: 3/3
  1091 | D:1      | You fall into a shaft and drop 1 floor!
  2391 | D:3      | Reached XP level 4. HP: 21/29 MP: 4/4
  2400 | D:3      | Reached ** piety under Trog
  2401 | D:3      | Reached skill level 1 in Shields
  3107 | D:4      | Reached XP level 5. HP: 33/33 MP: 5/5
  3858 | D:4      | Found Dobett's Jewellery Emporium.
  3894 | D:4      | Noticed a sky beast
  3899 | D:4      | Killed a sky beast
  3900 | D:4      | Reached XP level 6. HP: 39/39 MP: 6/6
  4370 | D:4      | Reached XP level 7. HP: 41/44 MP: 7/7
  5002 | D:4      | Reached skill level 5 in Fighting
  5189 | D:5      | Entered Level 5 of the Dungeon
  5208 | D:5      | Reached *** piety under Trog
  5440 | D:5      | Noticed Pikel
  5444 | D:5      | Noticed a yak
  5451 | D:5      | Noticed a yak
  5452 | D:5      | Noticed a yak
  5454 | D:5      | Killed Pikel
  5455 | D:5      | Reached skill level 5 in Maces & Flails
  5455 | D:5      | Reached skill level 5 in Armour
  5455 | D:5      | Reached XP level 8. HP: 24/51 MP: 8/8
  5938 | D:5      | Killed a yak
  5957 | D:5      | Killed a yak
  5958 | D:5      | Reached skill level 5 in Shields
  5958 | D:5      | Reached XP level 9. HP: 51/56 MP: 9/9
  7773 | D:6      | Reached skill level 5 in Dodging
  8146 | D:7      | Killed a large slime creature
  8147 | D:7      | Reached XP level 10. HP: 28/64 MP: 10/10
  8150 | D:7      | Slain by a slime creature

Illustrated notes

Levels and vault maps discovered:
D:1:      dpeg_arrival_pond, layout_loops_corners,
          hellmonk_ecumenical_altar_heavens_door
D:2:      layout_loops_cross
D:3:      layout_basic
D:4:      layout_layer_cave, serial_shops, shop, kennysheep_donut,
          goddamned_bats
D:5:      layout_basic, uniq_pikel
D:6:      layout_basic, hangedman_decor_riveting, minmay_misc_feat_diagonals,
          nicolae_elevator_lobby_asterisk
D:7:      cheibrodos_helix_gallery, layout_cave_pools, minmay_temple_entry_glass

Skill      XL: |  1  2  3  4  5  6  7  8  9 |
---------------+----------------------------+-----
Dodging        | 2 3 4 5 |  5.5
Armour         | 3 4 5 6 7 |  7.4
Shields        | 1 2 4 5 |  5.0
Fighting       | 4 5 6 7 |  7.8
Maces & Flails | 4 5 7 |  7.1

Action                   |  1- 3 |  4- 6 |  7- 9 | 10-12 || total
-------------------------+-------+-------+-------+-------++-------
Melee: Mace              |   117 |    94 |       |       ||   211
       Flail             |       |    83 |   286 |     4 ||   373
Invok: Berserk           |     1 |     3 |     8 |       ||    12
       Trog's Hand       |       |       |     2 |       ||     2
  Use: Scroll            |       |       |     6 |       ||     6
Armor: Animal skin       |    23 |       |       |       ||    23
       Leather armour    |    36 |       |       |       ||    36
       Chain mail        |     5 |   195 |   153 |     3 ||   356
Dodge: Dodged            |    62 |    95 |   110 |       ||   267
Block: Buckler           |     1 |    50 |    77 |       ||   128
